 Dungeon Crawl Stone Soup version 0.26.1-10-gdfb7c7de75 (webtiles) character file.

Game seed: 3540454394783785346

29 Chiseanne the Magician (level 3, 24/24 HPs)
             Began as a Demonspawn Hedge Wizard on Apr 10, 2021.
             Quit the game on level 1 of the Dungeon.
             The game lasted 00:00:59 (1081 turns).

Chiseanne the Magician (Demonspawn Hedge Wizard)    Turns: 1081, Time: 00:01:00

Health: 24/24      AC:  3    Str: 10    XL:     3   Next: 1%
Magic:  2/8        EV: 12    Int: 16    God:
Gold:   31         SH:  0    Dex: 12    Spells: 8/9 levels left

rFire    . . .     SeeInvis .   a - +0 dagger
rCold    . . .     Faith    .   (no shield)
rNeg     . . .     Spirit   .   b - +0 robe
rPois    .         Reflect  .   c - +0 hat
rElec    .         Harm     .   l - +0 cloak
rCorr    .         Rampage  .   (no gloves)
Will     .....                  (no boots)
Stlth    ++........             (no amulet)
HPRegen  0.08/turn              (no ring)
MPRegen  0.11/turn              (no ring)

@: no status effects
A: demonic guardian 1, sanguine armour 1
a: no special abilities


You were on level 1 of the Dungeon.
You visited 1 branch of the dungeon, and saw 1 of its levels.

You collected 31 gold pieces.

Inventory:

Hand Weapons
 a - a +0 dagger (weapon)
Missiles
 d - 58 arrows
Armour
 b - a +0 robe (worn)
 c - a +0 hat (worn)
 l - a +0 cloak (worn)
Scrolls
 e - 2 scrolls of identify {unknown}
 f - a scroll of immolation {unknown}
 h - 2 scrolls of amnesia {unknown}
 k - a scroll of remove curse {unknown}
Potions
 g - a potion of cancellation {unknown}
 i - a potion of might {unknown}
 j - a potion of curing {unknown}


   Skills:
 - Level 1.7 Dodging
 - Level 1.7 Stealth
 * Level 3.5 Spellcasting
 * Level 2.2 Conjurations
 - Level 1.0 Summonings
 - Level 0.8 Translocations


You had 8 spell levels left.
You knew the following spells:

 Your Spells              Type           Power        Failure   Level
a - Magic Dart            Conj           36%          7%          1

Your spell library contained the following spells:

 Spells                   Type           Power        Failure   Level
 Blink                    Tloc           N/A          19%         2
 Call Imp                 Summ           6%           19%         2
 Slow                     Hex            2%           26%         2
 Conjure Flame            Conj/Fire      6%           34%         3
 Mephitic Cloud           Conj/Pois/Air  5%           36%         3


Dungeon Overview and Level Annotations

Branches:
Dungeon (1/15)

Altars:


Innate Abilities, Weirdness & Mutations

A weak demonic guardian rushes to your aid.
When seriously injured, your bleeding wounds create armour. (AC +0)


Message History

Casting: Magic Dart (safe; 8% risk of failure)
Confirm with . or Enter, or press ? or * to list all spells.
Aiming: Magic Dart (safe; 8% risk of failure)
Press: ? - help, Shift-Dir - straight line, f/p - leopard gecko
Aim: a leopard gecko (severely wounded, 0% to evade)
The magic dart hits the leopard gecko.
The leopard gecko is almost dead.
Casting: Magic Dart (safe; 8% risk of failure)
Confirm with . or Enter, or press ? or * to list all spells.
Aiming: Magic Dart (safe; 8% risk of failure)
Press: ? - help, Shift-Dir - straight line, f/p - leopard gecko
Aim: a leopard gecko (almost dead, 0% to evade)
The magic dart hits the leopard gecko.
You kill the leopard gecko!
You have reached level 3!
Your experience leads to an increase in your attributes!
Increase (s)trength, (i)ntelligence, or (d)exterity?
You feel clever.
Your demonic ancestry asserts itself...
You feel the presence of a demonic guardian.
Are you sure you want to abandon this character and quit the game? (Confirm with "yes".)

#..... #....
##.... ...† #...
..# #.# #@# #.#
#.# #.# #.# #.#
#.# #.######
#########.##...##


There were no monsters in sight!

Vanquished Creatures
  2 dart slugs (D:1)
  A leopard gecko (D:1)
  A giant cockroach (D:1)
  2 goblins (D:1)
  3 hobgoblins (D:1)
  8 jackals (D:1)
  A kobold (D:1)
  2 rats (D:1)
20 creatures vanquished.

Notes
Turn   | Place    | Note
-------+----------+-------------------------------------------
     0 | D:1      | Chiseanne the Demonspawn Hedge Wizard began the quest for
                  | the Orb.
     0 | D:1      | Reached XP level 1. HP: 13/13 MP: 4/4
   321 | D:1      | Gained mutation: When seriously injured, your bleeding
                  | wounds create armour. (AC +0) [demonic ancestry]
   321 | D:1      | Reached XP level 2. HP: 19/19 MP: 1/6
  1081 | D:1      | Gained mutation: A weak demonic guardian rushes to your
                  | aid. [demonic ancestry]
  1081 | D:1      | Reached XP level 3. HP: 24/24 MP: 2/8
  1081 | D:1      | Quit the game

Illustrated notes

Levels and vault maps discovered:
D:1:      minmay_arrival_loop, layout_loops_corners

Skill      XL: |  1  2 |
---------------+-------+-----
Conjurations   | 2 |  2.2
Dodging        | |  1.7
Stealth        | |  1.7
Spellcasting   | |  3.5
Summonings     | |  1.0
Translocations | |  0.8

Action                   || total
-------------------------++-------
Melee: Dagger            ||    69
 Cast: Magic Dart        ||    38
Armor: Robe              ||    21
Dodge: Dodged            ||    66
